 Dungeon Crawl Stone Soup version 0.26.1-11-gd32895ea62 (webtiles) character file.

Game seed: 728523912137795821

3673 infcreate the Covert (level 9, -3/51 HPs)
             Began as a Vampire Enchanter on Apr 18, 2021.
             Was an Elder of Dithmenos.
             Slain by diana's ghost (7 damage)
             ... on level 6 of the Dungeon.
             The game lasted 00:24:54 (9212 turns).

infcreate the Covert (Vampire Enchanter)            Turns: 9212, Time: 00:24:55

Health: -3/51      AC:  5    Str:  7    XL:     9   Next: 89%
Magic:  12/17      EV: 18    Int: 18    God:    Dithmenos [****..]
Gold:   306        SH:  0    Dex: 23    Spells: 7/19 levels left

rFire    . . .     SeeInvis +   a - +2 dagger
rCold    + + .     Faith    .   (no shield)
rNeg     + + +     Spirit   .   b - +1 robe
rPois    ∞         Reflect  .   (no helmet)
rElec    .         Harm     .   p - +0 cloak
rCorr    +         Rampage  .   (no gloves)
Will     .....                  o - +0 pair of boots
Stlth    ++++++++++             (no amulet)
HPRegen  0.00/turn              D - +6 ring of dexterity
MPRegen  0.15/turn              R - ring of resist corrosion

@: confusing touch, bloodless, wreathed by umbra
A: fangs 3, see invisible, unbreathing
a: Bat Form, Revivify, Renounce Religion, Shadow Step


You were on level 6 of the Dungeon.
You worshipped Dithmenos.
Dithmenos was greatly pleased with you.
You visited 1 branch of the dungeon, and saw 6 of its levels.
You also visited: Ossuary.

You collected 306 gold pieces.


Innate Abilities, Weirdness & Mutations

You do not regenerate when monsters are visible.
You are frail without blood (-20% HP).
You can heal yourself when you bite living creatures.
You are immune to poison.
You have razor-sharp teeth.
You have supernaturally acute eyesight. (SInv)
You can survive without breathing.


   Skills:
 + Level 3.5 Fighting
 * Level 6.8 Short Blades
 * Level 7.0 Dodging
 * Level 10.3 Stealth
 * Level 5.8 Spellcasting
 * Level 9.7 Hexes


You had 7 spell levels left.
You knew the following spells:

 Your Spells              Type           Power        Failure   Level
c - Corona                Hex            44%          1%          1
d - Tukima's Dance        Hex            40%          1%          3
e - Ensorcelled Hibernat  Hex/Ice        44%          2%          2
f - Dazzling Flash        Conj/Hex       44%          4%          3
t - Confusing Touch       Hex            40%          1%          3

Your spell library contained the following spells:

 Spells                   Type           Power        Failure   Level
 Sandblast                Erth           10%          12%         1
 Corpse Rot               Necr/Air       N/A          19%         2
 Passwall                 Tmut/Erth      4%           19%         2
 Sublimation of Blood     Necr           2%           19%         2
 Stone Arrow              Conj/Erth      10%          36%         3
 Dispel Undead            Necr           5%           77%         4
 Petrify                  Tmut/Erth      5%           77%         4
 Agony                    Necr           5%           98%         5
 Excruciating Wounds      Necr           2%           98%         5
 Lee's Rapid Deconstruct  Erth           2%           98%         5

Inventory:

Hand Weapons
 a - a +2 dagger (weapon)
 f - a +1 short sword of speed
Armour
 b - a +1 robe (worn)
 o - a +0 pair of boots (worn)
 p - a +0 cloak (worn)
 y - a +0 robe of cold resistance
 B - a cursed -1 robe
Jewellery
 D - a +6 ring of dexterity (left hand)
 R - a ring of resist corrosion (right hand)
Wands
 t - a wand of digging (3)
 u - a wand of disintegration (8)
Scrolls
 c - a scroll of teleportation {@r4}
 d - 10 scrolls of identify {@r1}
 g - 3 scrolls of enchant armour
 i - 6 scrolls of remove curse {@r2}
 q - 4 scrolls of enchant weapon
 s - a scroll of blinking
 x - a scroll of amnesia
Potions
 e - 4 potions of might {unknown}
 h - 2 potions of heal wounds {@q2}
 j - a potion of invisibility {unknown}
 k - 2 potions of haste {@q3}
 l - 2 potions of cancellation {unknown}
 m - 2 potions of flight {unknown}
 n - 4 potions of curing {@q1}
 r - a potion of brilliance {unknown}
 v - a potion of resistance {unknown}
 w - 4 potions of degeneration {unknown}
 z - 2 potions of attraction {unknown}
 A - a potion of magic {unknown}

Dungeon Overview and Level Annotations

Branches:
Dungeon (6/15)            Ossuary (visited)
 Temple: D:4-7

Altars:
Ashenzari
Dithmenos
Fedhas
Makhleb
Qazlal
Ru
Trog
Uskayaw
Wu Jian
Xom

Annotations:
D:3 exclusion: oklob plant
D:6 diana's ghost, novice DsGl

.......#.....#.....#
#.........
...###.#.#.#.#.....#
#......###
...###.#.#.#.##.##.#
#......#..
.....#.#...........#
#......#.{
...#.#.#.▒▒▒▒▒▒▒▒▒.#
######.###
####.#...▒.......▒.# #.... ##
#.###.▒..#.#..▒.# #..## .# #.#
#.▒.).#...'.## #.### ##
#.###.▒.?...W@'..# #....
#.....▒.?.#...'..# #.##.
#######.▒..#.#..▒..# #.##.
##.#.....▒.......▒..#### #....
##.#..#..▒▒▒▒▒▒▒▒▒.....# ####.
##....#.............#..######
#.
##.#........................##
#.
##.##..#####...>.....######..#
#. ...#...#
##.......[##....##.###.


You could see diana's ghost (corona).


Message History

Diana's ghost resists with almost no effort.
Casting: Corona (safe; 1% risk of failure)
Confirm with . or Enter, or press ? or * to list all spells.
Aiming: Corona (safe; 1% risk of failure)
Press: ? - help, Shift-Dir - straight line, f/p - diana's ghost
Aim: diana's ghost (chance to confuse on hit: 38%, umbra, chance to affect: 50%) Diana's ghost is outlined in light.
Your shadow mimicks your spell!
Diana's ghost resists with almost no effort.
Casting: Corona (safe; 1% risk of failure)
Confirm with . or Enter, or press ? or * to list all spells.
Aiming: Corona (safe; 1% risk of failure)
Press: ? - help, Shift-Dir - straight line, f/p - diana's ghost
Aim: diana's ghost (softly glowing, chance to confuse on hit: 38%, umbra, chance to affect: 50%) Diana's ghost glows brighter.
Diana's ghost hits you!
You hit diana's ghost but do no damage. Diana's ghost hits you.
You hit diana's ghost but do no damage. Diana's ghost barely misses you.
You hit diana's ghost but do no damage. You hit diana's ghost but do no damage.
Diana's ghost hits you!
* * * LOW HITPOINT WARNING * * *
You hit diana's ghost but do no damage.
You bite diana's ghost, but do no damage.
Diana's ghost hits you!
* * * LOW HITPOINT WARNING * * *
You barely miss diana's ghost. You hit diana's ghost but do no damage.
Diana's ghost hits you!
* * * LOW HITPOINT WARNING * * *
You hit diana's ghost but do no damage. Diana's ghost hits you!
You die...

Skill      XL: |  1  2  3  4  5  6  7  8  9 |
---------------+----------------------------+-----
Short Blades   | 2 3 4 5 6 |  6.8
Stealth        | 5 6 7 9 10 | 10.3
Hexes          | 5 6 7 8 9 |  9.7
Fighting       | 1 2 3 |  3.5
Dodging        | 3 4 5 7 |  7.0
Spellcasting   | 3 4 5 |  5.8

Action                   |  1- 3 |  4- 6 |  7- 9 || total
-------------------------+-------+-------+-------++-------
Melee: Dagger            |    50 |    99 |   362 ||   511
       Bite              |     1 |     5 |    55 ||    61
 Cast: Corona            |    12 |     1 |     5 ||    18
       Ensorcelled Hiber |     5 |    38 |    50 ||    93
       Confusing Touch   |       |     6 |    42 ||    48
       Tukima's Dance    |       |       |     2 ||     2
 Abil: Exsanguinate      |     1 |       |       ||     1
  Use: Scroll            |     2 |     8 |     3 ||    13
 Stab: Sleeping          |    14 |    46 |    59 ||   119
       Confused          |       |     3 |    44 ||    47
       Distracted        |       |       |     3 ||     3
Armor: Robe              |     3 |     6 |    28 ||    37
Dodge: Dodged            |    26 |    36 |   186 ||   248

Levels and vault maps discovered:
D:1:      amcnicky_arrival_single_pillar, layout_rooms
D:2:      layout_loops_ring, nicolae_overflow_crystal_walls,
          nicolae_dithmenos_through_a_glass_darkly, lemuel_doored_altar,
          serial_bayou_crossing, uniq_jessica, uniq_sigmund,
          uniq_crazy_yiuf_cottage
D:3:      layout_loops_ring, makhleb_grotto_becter, ebering_ghost_disaster_area,
          tgw_fedhas
D:4:      minmay_diamond_boxcup, layout_gridville, cheibrodos_ashenzari_chains,
          lightli_temple_of_fire, xom_redecorated, nicolae_ru_path_of_blood
D:5:      kennysheep_big_flooded_room, layout_loops_ring,
          grunt_qazlal_sundering, enter_ossuary_5, uniq_duvessa, uniq_ijyb
D:6:      layout_basic, dancing_weapons_uskayaw, gammafunk_ghost_split,
          gup_sewer_entry_glass, hangedman_abyss_or_decor_stagger,
          minmay_hollow_rounded_squares

Notes
Turn   | Place    | Note
-------+----------+-------------------------------------------
     0 | D:1      | infcreate the Vampire Enchanter began the quest for the
                  | Orb.
     0 | D:1      | Reached XP level 1. HP: 13/13 MP: 3/3
   553 | D:1      | Reached XP level 2. HP: 15/15 MP: 5/5
   556 | D:1      | Learned a level 2 spell: Ensorcelled Hibernation
   782 | D:2      | Found an ornate altar of the Wu Jian Council.
   842 | D:2      | Found a shadowy altar of Dithmenos.
   844 | D:2      | Noticed Jessica
  1067 | D:2      | Reached XP level 3. HP: 20/20 MP: 6/6
  1225 | D:2      | Killed Jessica
  1226 | D:2      | Reached skill level 2 in Short Blades
  1226 | D:2      | Reached skill level 5 in Stealth
  1232 | D:2      | Became a worshipper of Dithmenos the Shadowed
  1285 | D:2      | Reached XP level 4. HP: 21/24 MP: 4/7
  1458 | D:2      | Reached skill level 5 in Hexes
  1830 | D:2      | Found a runed translucent door.
  1831 | D:2      | Noticed Crazy Yiuf
  1883 | D:2      | Found a blossoming altar of Fedhas.
  1939 | D:2      | Noticed Sigmund
  1969 | D:2      | Killed Sigmund
  1970 | D:2      | Reached skill level 1 in Fighting
  1970 | D:2      | Reached skill level 3 in Dodging
  1970 | D:2      | Reached skill level 3 in Spellcasting
  1970 | D:2      | Reached XP level 5. HP: 20/29 MP: 5/9
  2143 | D:2      | Killed Crazy Yiuf
  2144 | D:2      | Reached skill level 3 in Short Blades
  2144 | D:2      | Reached skill level 6 in Stealth
  2144 | D:2      | Reached XP level 6. HP: 34/34 MP: 3/10
  2271 | D:3      | Learned a level 3 spell: Confusing Touch
  2275 | D:3      | Learned a level 3 spell: Tukima's Dance
  2484 | D:3      | Reached * piety under Dithmenos
  2974 | D:3      | Found a blossoming altar of Fedhas.
  2986 | D:3      | You fall into a shaft and drop 1 floor!
  3246 | D:3      | Found a burning altar of Makhleb.
  3251 | D:3      | Reached skill level 6 in Hexes
  3397 | D:3      | Found a large runed translucent door.
  3397 | D:3      | Found a large runed translucent door.
  3397 | D:3      | Noticed manyhoops's ghost (amateur PaTm)
  3405 | D:3      | Killed manyhoops's ghost
  3869 | D:3      | Noticed an oklob plant
  4050 | D:4      | Reached skill level 4 in Dodging
  4050 | D:4      | Reached XP level 7. HP: 36/38 MP: 0/12
  4061 | D:4      | Learned a level 3 spell: Dazzling Flash
  4227 | D:4      | Found a shimmering altar of Xom.
  4228 | D:4      | Found a shimmering altar of Xom.
  4296 | D:4      | Found a broken altar of Ashenzari.
  4424 | D:4      | Found a sacrificial altar of Ru.
  4442 | D:4      | Reached skill level 7 in Stealth
  4766 | D:4      | Reached skill level 4 in Short Blades
  4913 | D:4      | Found a bloodstained altar of Trog.
  4972 | D:5      | Entered Level 5 of the Dungeon
  4989 | D:5      | Reached skill level 2 in Fighting
  4997 | D:5      | Reached ** piety under Dithmenos
  4998 | D:5      | Reached skill level 7 in Hexes
  5092 | D:5      | Noticed Duvessa
  5092 | D:5      | Noticed Dowan
  5096 | D:5      | Killed Duvessa
  5097 | D:5      | Reached skill level 4 in Spellcasting
  5097 | D:5      | Reached XP level 8. HP: 44/44 MP: 12/14
  5105 | D:5      | Killed Dowan
  5192 | D:5      | Noticed Ijyb
  5197 | D:5      | Killed Ijyb
  5251 | D:5      | Found a sand-covered staircase.
  5255 | Ossuary  | Entered an ossuary
  5266 | Ossuary  | Reached skill level 5 in Dodging
  5312 | Ossuary  | Reached skill level 8 in Stealth
  5859 | Ossuary  | Reached skill level 5 in Short Blades
  6261 | D:5      | Reached skill level 8 in Hexes
  6562 | D:5      | Found a stormy altar of Qazlal.
  6574 | D:5      | Reached skill level 9 in Stealth
  6702 | D:5      | Reached XP level 9. HP: 49/49 MP: 16/16
  6763 | D:5      | Reached *** piety under Dithmenos
  6860 | D:5      | Reached skill level 6 in Dodging
  6860 | D:5      | Reached skill level 5 in Spellcasting
  7212 | D:5      | Reached skill level 3 in Fighting
  7646 | D:6      | Reached skill level 6 in Short Blades
  7774 | D:6      | Noticed diana's ghost (novice DsGl)
  7778 | D:6      | Found a runed translucent gate.
  7778 | D:6      | Found a runed translucent gate.
  7872 | D:6      | Found a hide-covered altar of Uskayaw.
  7948 | D:6      | Reached skill level 9 in Hexes
  8163 | D:6      | Found a large runed translucent door.
  8163 | D:6      | Found a large runed translucent door.
  8229 | D:6      | Noticed a purple ugly thing
  8235 | D:6      | Found a large runed translucent door.
  8235 | D:6      | Found a large runed translucent door.
  8429 | D:6      | Noticed a +0 hand axe
  8431 | D:6      | Noticed a +0 hand axe
  8470 | D:6      | Found a runed translucent gate.
  8574 | D:6      | Reached **** piety under Dithmenos
  8639 | D:6      | Reached skill level 10 in Stealth
  9036 | D:6      | Killed a purple ugly thing
  9037 | D:6      | Reached skill level 7 in Dodging
  9211 | D:6      | HP: 4/51 [diana's ghost (12)]
  9212 | D:6      | Slain by diana's ghost

Vanquished Creatures
  An ugly thing (D:6)
  Sigmund (D:2)
  A water moccasin (D:5)
  An orc warrior (D:5)
  Duvessa (D:5)
  2 sky beasts
  3 ice beasts
  The ghost of manyhoops the Ruffian, an amateur PaTm (D:3)
  4 ogres
  2 phantoms
  A centaur (D:6)
  A necrophage (D:6)
  A big kobold (D:5)
  3 bullfrogs
  Dowan (D:5)
  3 scorpions
  A crimson imp (D:3)
  3 bullfrog zombies (Ossuary)
  2 centaur zombies
  2 hounds
  2 jellies
  Crazy Yiuf (D:2)
  An orc priest (D:5)
  A centaur skeleton (D:6)
  Jessica (D:2)
  2 orc wizards
  Ijyb (D:5)
  3 worker ants
  A killer bee zombie (Ossuary)
  3 hound zombies (Ossuary)
  A hound skeleton (D:6)
  11 mummies (Ossuary)
  2 worker ant zombies
  16 adders
  A shadow imp (D:6)
  A white imp (D:6)
  2 ufetubi (D:6)
  5 adder zombies
  An adder skeleton (D:4)
  A worm (D:6)
  A dart slug (D:3)
  9 leopard geckos
  22 orcs
  8 bats
  7 giant cockroaches
  3 goblins
  9 hobgoblins
  18 jackals
  5 quokkas
  5 frilled lizards
  A jackal skeleton (D:6)
  2 jackal zombies (Ossuary)
  A kobold (D:2)
  A leopard gecko skeleton (D:6)
  A leopard gecko zombie (Ossuary)
  A quokka skeleton (D:4)
  A quokka zombie (Ossuary)
  6 rats
193 creatures vanquished.

Vanquished Creatures (others)
  2 dancing weapons (D:4)
  5 plants
  9 withered plants (Ossuary)
16 creatures vanquished.

Grand Total: 209 creatures vanquished

Table legend: (Time is in decaauts)
 A = Elapsed time spent in this place.
 B = Non-inter-level travel time spent in this place.
 C = Inter-level travel time spent in this place.
 D = Time resting spent in this place.
 E = Time spent auto-exploring this place.
 F = Levels seen in this place.
 G = Mean time per level.
                   A        B        C        D        E       F      G
               +--------+--------+--------+--------+--------+-----+--------+
         Total |   9154 |   8928 |    226 |    778 |   6345 |   7 | 1307.7 |
       Dungeon |   8148 |   7922 |    226 |    573 |   5818 |   6 | 1358.0 |
       Ossuary |   1006 |   1006 |      0 |    205 |    526 |   1 | 1006.0 |
               +--------+--------+--------+--------+--------+-----+--------+

Top non-repeatable levels by time:
     D:6: 1702 daAuts
     D:3: 1568 daAuts
     D:2: 1493 daAuts
     D:5: 1482 daAuts
     D:4: 1029 daAuts
 Ossuary: 1006 daAuts
     D:1: 872 daAuts

Table legend:
 A = Non-vault XP
 B = Vault XP
 C = Vault XP percentage of total XP
 D = Non-vault monster count
 E = Vault monster count
 F = Vault count percentage of total count
                 A         B        C        D         E       F
            +---------+---------+-------+---------+---------+-------
      Total |    2367 |    2881 |  54.9 |     131 |      62 |  32.1
            +---------+---------+-------+---------+---------+-------
        D:1 |      19 |       0 |   0.0 |      11 |       0 |   0.0
        D:2 |      95 |     304 |  76.2 |      20 |       3 |  13.0
        D:3 |     108 |     171 |  61.3 |      35 |       2 |   5.4
        D:4 |     172 |     318 |  64.9 |      13 |       5 |  27.8
        D:5 |    1410 |     384 |  21.4 |      26 |       5 |  16.1
        D:6 |     563 |    1116 |  66.5 |      26 |      20 |  43.5
    Ossuary |       0 |     588 | 100.0 |       0 |      27 | 100.0
            +---------+---------+-------+---------+---------+-------
